 Dungeon Crawl Stone Soup version 0.24.0-123-gd5b16e6ec5 (webtiles) character file.

Game seed: 18420786322715942596, levelgen mode: deterministic

365 SeryemCrawls the Magician (level 6, -8/44 HPs)
             Began as a Gnoll Wizard on Jan 11, 2020.
             Was a Follower of Okawaru.
             Mangled by an orc
             ... wielding a +0 whip of electrocution
              (15 damage)
             ... on level 4 of the Dungeon.
             The game lasted 00:10:27 (4238 turns).

SeryemCrawls the Magician (Gnoll Wizard)            Turns: 4238, Time: 00:10:28

Health: -8/44      AC: 10    Str: 11    XL:     6   Next: 68%
Magic:  16/16      EV: 10    Int: 20    God:    Okawaru [*.....]
Gold:   235        SH:  8    Dex: 14    Spells: 8/19 levels left

rFire    . . .     SeeInvis .   j - +2 dagger (holy)
rCold    . . .     Gourm    +   E - +0 shield
rNeg     . . .     Faith    .   B - +0 ring mail
rPois    .         Spirit   .   b - +0 hat
rElec    .         Reflect  .   (no cloak)
rCorr    .         Harm     .   (no gloves)
MR       .....                  A - +0 pair of boots
Stlth    ++........             x - amulet of the gourmand
HPRegen  0.14/turn              F - +4 ring of protection
MPRegen  0.15/turn              (no ring)

@: no status effects
A: distributed training, fangs 1, strong nose
a: Heroism, Renounce Religion


You were on level 4 of the Dungeon.
You worshipped Okawaru.
Okawaru was aware of your devotion.
You were completely stuffed.

You visited 2 branches of the dungeon, and saw 5 of its levels.

You collected 235 gold pieces.

Inventory:

Hand Weapons
 j - a +2 dagger of holy wrath (weapon)
Missiles
 q - 38 sling bullets
Armour
 a - a +0 robe
 b - a +0 hat (worn)
 y - a scarf of spirit shield
 A - a +0 pair of boots (worn)
 B - a +0 ring mail (worn)
 E - a +0 shield (worn)
Jewellery
 s - an uncursed amulet of faith
 x - an amulet of the gourmand (around neck)
 F - a +4 ring of protection (left hand)
Scrolls
 e - 3 scrolls of magic mapping {unknown}
 f - 4 scrolls of remove curse {unknown}
 g - 2 scrolls of random uselessness {unknown}
 h - 3 scrolls of amnesia
 i - 2 scrolls of enchant armour {unknown}
 l - a scroll of fog {unknown}
 r - 2 scrolls of enchant weapon {unknown}
 u - 2 scrolls of teleportation {unknown}
 w - a scroll of immolation {unknown}
 C - 3 scrolls of identify
Potions
 c - a potion of haste
 k - 2 potions of brilliance
 m - 2 potions of lignification
 n - a potion of resistance
 o - 2 potions of curing
 t - a potion of cancellation {unknown}
 v - a potion of flight {unknown}
 z - a potion of degeneration {unknown}
 D - a potion of agility {unknown}
Comestibles
 d - 9 rations


   Skills:
 + Level 2.0 Fighting
 + Level 2.0 Short Blades
 + Level 2.0 Long Blades
 + Level 2.0 Axes
 + Level 2.0 Maces & Flails
 + Level 2.0 Polearms
 + Level 2.0 Staves
 + Level 2.0 Slings
 + Level 2.0 Bows
 + Level 2.0 Crossbows
 + Level 2.0 Throwing
 + Level 2.0 Armour
 + Level 5.0 Dodging
 + Level 4.6 Stealth
 + Level 2.0 Shields
 + Level 2.0 Unarmed Combat
 + Level 7.4 Spellcasting
 + Level 2.6 Conjurations
 + Level 1.6 Hexes
 + Level 1.6 Charms
 + Level 2.6 Summonings
 + Level 1.6 Necromancy
 + Level 2.6 Translocations
 + Level 1.6 Transmutations
 + Level 1.6 Fire Magic
 + Level 1.6 Ice Magic
 + Level 1.6 Air Magic
 + Level 1.6 Earth Magic
 + Level 1.6 Poison Magic
 + Level 2.2 Invocations
 + Level 2.0 Evocations


You had 8 spell levels left.
You knew the following spells:

 Your Spells              Type           Power        Failure   Level  Hunger
a - Magic Dart            Conj           ###.         36%         1    None
b - Call Imp              Summ           ###.....     50%         2    None
e - Conjure Flame         Conj/Fire      ###.....     80%         3    #......
f - Mephitic Cloud        Conj/Pois/Air  ###.....     83%         3    #......
i - Blink                 Tloc           N/A          50%         2    None

Your spell library contained the following spells:

 Spells                   Type           Power        Failure   Level  Hunger
 Slow                     Hex            ##......     65%         2    None


Dungeon Overview and Level Annotations

Branches:
Dungeon (4/15)             Temple (1/1) D:4

Altars:
Ashenzari
Cheibriados
Dithmenos
Elyvilon
Fedhas
Hepliaklqana
Kikubaaqudgha
Makhleb
Okawaru
Qazlal
Sif Muna
Uskayaw
Wu Jian
Yredelemnul

Annotations:
D:4 2 transporters, YannSP's ghost, amateur GrFi


Innate Abilities, Weirdness & Mutations

Your experience applies equally to all skills.
You have very sharp teeth.
Your uncanny sense of smell can sniff out nearby items.


Message History

You barely miss the orc. The orc closely misses you.
You closely miss the orc.
The orc hits you with a +0 whip of electrocution.
You hit the orc.
The orc is lightly wounded.
The orc hits you but does no damage.
You are electrocuted!
YannSP's ghost ripples.
You hit the orc.
The orc is moderately wounded.
The orc hits you with a +0 whip of electrocution.
You hit the orc but do no damage. Your bite misses the orc.
The orc is moderately wounded.
The orc hits you but does no damage.
You are electrocuted!
* * * LOW HITPOINT WARNING * * *
You hit the orc.
The orc is heavily wounded.
The orc hits you with a +0 whip of electrocution.
* * * LOW HITPOINT WARNING * * *
You are electrocuted!
You die...

#.####### o# ## .#..########
........< .o. >##.#..#.......
......... .. ?.#.#..........
#.#.#.... #.##.#.#..#.#.....
§.#.# .## #......#..#.#...<<
§§#.. .. #...#..#.###### §§# .. #
##### #...#..........
..##########...####...###########
..#.............@o...............
..#.#.......©..........#########.
......#############....+.........
.##.#.#.....$)Z5WZ#....#.########
......#...........#....P.P.......
###.#.#..##...##..#.####.########
(...#.#..#8...8#..#..P#...#P.....
#####.#..##...##..#.....>....####
......#.....5 ....#..P#...#P##


You could see YannSP's ghost, a shadow imp, an orc and 2 hound zombies.

Vanquished Creatures
  An ogre (D:4)
  A scorpion (D:4)
  A hound (D:4)
  An orc wizard (D:4)
  A bullfrog skeleton (D:4)
  2 worker ants (D:4)
  4 adders
  An ooze (D:1)
  A worm (D:2)
  2 dart slugs
  A leopard gecko (D:1)
  4 orcs
  A ball python (D:3)
  2 giant cockroaches
  3 goblins
  6 hobgoblins
  A jackal (D:2)
  4 kobolds
  6 bats
  7 frilled lizards
  A jackal skeleton (D:4)
  5 rats
56 creatures vanquished.

Vanquished Creatures (collateral kills)
  An orc wizard (D:4)
  2 worms
  An orc (D:4)
  A jackal (D:2)
  A ball python (D:3)
  A kobold (D:2)
7 creatures vanquished.

Grand Total: 63 creatures vanquished

Notes
Turn   | Place    | Note
-------+----------+-------------------------------------------
     0 | D:1      | SeryemCrawls the Gnoll Wizard began the quest for the Orb.
     0 | D:1      | Reached XP level 1. HP: 13/13 MP: 8/8
   108 | D:1      | Reached XP level 2. HP: 10/19 MP: 0/10
   333 | D:1      | Learned a level 2 spell: Call Imp
   336 | D:1      | Learned a level 2 spell: Blink
  1059 | D:2      | Reached XP level 3. HP: 25/25 MP: 8/11
  1127 | D:2      | Found an ornate altar of the Wu Jian Council.
  1255 | D:2      | Reached skill level 1 in Invocations
  1511 | D:3      | Reached skill level 1 in Fighting
  1511 | D:3      | Reached skill level 1 in Short Blades
  1511 | D:3      | Reached skill level 1 in Long Blades
  1511 | D:3      | Reached skill level 1 in Axes
  1511 | D:3      | Reached skill level 1 in Maces & Flails
  1511 | D:3      | Reached skill level 1 in Polearms
  1511 | D:3      | Reached skill level 1 in Staves
  1511 | D:3      | Reached skill level 1 in Slings
  1511 | D:3      | Reached skill level 1 in Bows
  1511 | D:3      | Reached skill level 1 in Crossbows
  1511 | D:3      | Reached skill level 1 in Throwing
  1511 | D:3      | Reached skill level 1 in Armour
  1511 | D:3      | Reached skill level 1 in Shields
  1511 | D:3      | Reached skill level 1 in Unarmed Combat
  1511 | D:3      | Reached skill level 1 in Evocations
  1606 | D:3      | Reached XP level 4. HP: 27/32 MP: 8/13
  2129 | D:3      | Learned a level 3 spell: Conjure Flame
  2133 | D:3      | Learned a level 3 spell: Mephitic Cloud
  2463 | D:4      | Found a staircase to the Ecumenical Temple.
  2472 | Temple   | Entered the Ecumenical Temple
  2536 | Temple   | Became a worshipper of Warmaster Okawaru
  2546 | D:4      | Found a transporter.
  2634 | D:4      | Reached skill level 1 in Hexes
  2634 | D:4      | Reached skill level 1 in Charms
  2634 | D:4      | Reached skill level 1 in Necromancy
  2634 | D:4      | Reached skill level 1 in Transmutations
  2634 | D:4      | Reached skill level 1 in Fire Magic
  2634 | D:4      | Reached skill level 1 in Ice Magic
  2634 | D:4      | Reached skill level 1 in Air Magic
  2634 | D:4      | Reached skill level 1 in Earth Magic
  2634 | D:4      | Reached skill level 1 in Poison Magic
  2847 | D:4      | Reached XP level 5. HP: 36/37 MP: 9/14
  2917 | D:4      | Noticed an ogre
  3000 | D:4      | Found a transporter.
  3003 | D:4      | Noticed YannSP's ghost (amateur GrFi)
  3016 | D:4      | Killed an ogre
  3016 | D:4      | Reached * piety under Okawaru
  3016 | D:4      | Reached XP level 6. HP: 44/44 MP: 6/16
  3416 | D:4      | Found a shadowy altar of Dithmenos.
  3464 | D:4      | Reached skill level 5 in Dodging
  4238 | D:4      | Mangled by an orc

Levels and vault maps discovered:
D:1:      saegor_arrival_simple_e, layout_basic
D:2:      layout_basic, overflow_temple_1_default
D:3:      layout_basic
D:4:      layout_basic, grunt_dithmenos_smoke,
          minmay_temple_entry_gardened_gates, gammafunk_ghost_mausoleum
Temple:   nicolae_temple_x_marks_the_god

Skill      XL: |  1  2  3  4  5  6 |
---------------+-------------------+-----
Conjurations   | 2 |  2.6
Summonings     | 2 |  2.6
Translocations | 2 |  2.6
Invocations    | 1 2 |  2.2
Fighting       | 1 2 |  2.0
Short Blades   | 1 2 |  2.0
Long Blades    | 1 2 |  2.0
Axes           | 1 2 |  2.0
Maces & Flails | 1 2 |  2.0
Polearms       | 1 2 |  2.0
Staves         | 1 2 |  2.0
Slings         | 1 2 |  2.0
Bows           | 1 2 |  2.0
Crossbows      | 1 2 |  2.0
Throwing       | 1 2 |  2.0
Armour         | 1 2 |  2.0
Shields        | 1 2 |  2.0
Unarmed Combat | 1 2 |  2.0
Evocations     | 1 2 |  2.0
Hexes          | 1 |  1.6
Charms         | 1 |  1.6
Necromancy     | 1 |  1.6
Transmutations | 1 |  1.6
Fire Magic     | 1 |  1.6
Ice Magic      | 1 |  1.6
Air Magic      | 1 |  1.6
Earth Magic    | 1 |  1.6
Poison Magic   | 1 |  1.6
Dodging        | 5 |  5.0
Stealth        | |  4.6
Spellcasting   | |  7.4

Action                   |  1- 3 |  4- 6 || total
-------------------------+-------+-------++-------
Melee: Dagger            |    10 |    60 ||    70
       Bite              |     1 |     5 ||     6
 Cast: Magic Dart        |    74 |    68 ||   142
       Call Imp          |     5 |    10 ||    15
       Conjure Flame     |       |     2 ||     2
       Mephitic Cloud    |       |     1 ||     1
  Use: Scroll            |       |     6 ||     6
       Potion            |       |     1 ||     1
  Eat: Chunk             |     2 |    16 ||    18
Armor: Robe              |     2 |       ||     2
       Ring mail         |       |    26 ||    26
Dodge: Dodged            |    16 |    49 ||    65
Block: Shield            |       |    21 ||    21
